 Dungeon Crawl Stone Soup version 0.30-a0-1124-g6e8f0f562f (webtiles) character file.

Game seed: 18231512307580307650

802 Jeffwins the Changer (level 8, -1/53 HPs)
             Began as a Human Wanderer on Apr 23, 2023.
             Slain by a scorpion (5 damage)
             ... on level 5 of the Dungeon.
             The game lasted 00:11:19 (4438 turns).

Jeffwins the Changer (Human Wanderer)               Turns: 4438, Time: 00:11:19

Health: -1/53      AC:  5    Str: 16    XL:     8   Next: 14%
Magic:  17/22      EV: 12    Int: 14    God:
Gold:   178        SH:  0    Dex: 10    Spells: 8/14 levels left

rFire   . . .        l - +0 glaive
rCold   . . .        (shield currently unavailable)
rNeg    . . .        c - +0 leather armour
rPois   .            e - +0 helmet
rElec   .            (no cloak)
rCorr   .            (no gloves)
SInv    .            g - +0 pair of boots
Will    .....        (no amulet)
Stlth   ++           W - ring of magical power
HPRegen 0.28/turn    (no ring)
MPRegen 0.18/turn

%: no passive effects
@: lethally poisoned (-1 -> -11), hasted, very quick
A: no striking features
a: no special abilities


You were on level 5 of the Dungeon.
You visited 1 branch of the dungeon, and saw 5 of its levels.

You collected 178 gold pieces.


   Skills:
 + Level 0.7 Fighting
 * Level 1.3 Polearms
 + Level 2.5 Dodging
 + Level 2.1 Stealth
 * Level 3.6 Spellcasting
 * Level 3.7 Summonings
 * Level 4.5 Transmutations
 * Level 3.2 Poison Magic
 + Level 3.8 Evocations


You had 8 spell levels left.
You knew the following spells:

 Your Spells              Type           Power      Damage    Failure   Level
c - Call Canine Familiar  Summ           13%        N/A       16%         3
x - Call Imp              Summ           26%        N/A       9%          2
z - Sting                 Tmut/Pois      52%        1d5       4%          1

Your spell library contained the following spells:

 Spells                   Type           Power      Damage    Failure   Level
 Beastly Appendage        Tmut           30%        N/A       3%          1
 Summon Small Mammal      Summ           52%        N/A       5%          1
 Magic Dart               Conj           8%         1d3       26%         1
 Mephitic Cloud           Conj/Pois/Air  5%         N/A       43%         3
 Ice Form                 Ice/Tmut       8%         N/A       67%         4

Inventory:

Hand Weapons
 a - a +0 long sword
 l - a +0 glaive (weapon)
 p - a +2 dagger of protection
 s - a +0 dagger of holy wrath
Missiles
 h - 10 poisoned darts (quivered)
Armour
 c - a +0 leather armour (worn)
 e - a +0 helmet (worn)
 g - a +0 pair of boots (worn)
Jewellery
 W - a ring of magical power (left hand)
Wands
 d - a wand of polymorph (6)
Scrolls
 b - 4 scrolls of teleportation {@r4}
 f - 2 scrolls of amnesia {unknown}
 i - 2 scrolls of fog {unknown}
 j - 2 scrolls of poison {unknown}
 k - a scroll of magic mapping {unknown}
 n - a scroll of vulnerability {unknown}
 o - a scroll of immolation {unknown}
 q - a scroll of identify {unknown}
 t - a scroll of enchant armour {unknown}
 v - a scroll of brand weapon {unknown}
 w - a scroll of noise {unknown}

Dungeon Overview and Level Annotations

Branches:
Dungeon (5/15)
 Temple: D:4-7

Altars:
Xom

Shops:
D:3

[ ##.....##.... ...
#............ ...
#......##'### ....
#......##..>. #....
#######......#....
#....##....##<.....#....
#..................#....
..................######
.......@s5.....†..##...#
...................#....
...................#....
...................#....
### ..
#######....##......#....
..##
..###...########......#....
...#
......................#....
...#
.....................######
...# .....................#


You could see a scorpion (ally target) and a friendly cerulean imp (summoned).


Message History

Unknown command.
You barely miss the scorpion.
The scorpion is severely wounded.
You feel very sick. The scorpion barely misses you.
Your cerulean imp hits the scorpion but does no damage.
The scorpion stings your cerulean imp but does no damage.
Your cerulean imp closely misses the scorpion.
You hit the scorpion but do no damage.
The scorpion is severely wounded.
You feel sick. The scorpion barely misses you.
Your cerulean imp hits the scorpion with a -3 spear.
The scorpion stings you.
* * * LOW HITPOINT WARNING * * *
You are lethally poisoned!
The scorpion poisons you!
Your cerulean imp barely misses the scorpion.
It was a potion of haste.
You feel yourself speed up.
* * * LOW HITPOINT WARNING * * *
You feel very sick. The scorpion barely misses you.
Your cerulean imp barely misses the scorpion.
Your magical contamination has completely faded away.
Unknown command.
You hit the scorpion.
The scorpion is almost dead.
* * * LOW HITPOINT WARNING * * *
You feel very sick. The scorpion stings you.
You die...

Skill      XL: |  1  2  3  4  5  6  7 |
---------------+----------------------+-----
Poison Magic   | 2 3 |  3.2
Stealth        | 1 2 |  2.1
Summonings     | 2 3 |  3.7
Dodging        | 2 |  2.5
Spellcasting   | 3 |  3.6
Transmutations | 4 |  4.5
Polearms       | 1 |  1.3
Fighting       | |  0.7
Evocations     | |  3.8

Action                     |  1- 3 |  4- 6 |  7- 9 || total
---------------------------+-------+-------+-------++-------
  Melee: Club              |    35 |       |       ||    35
         Long sword        |    42 |       |       ||    42
         Halberd           |       |    56 |    30 ||    86
         Glaive            |       |       |    59 ||    59
  Throw: Dart              |     1 |       |       ||     1
   Cast: Sting             |    30 |       |       ||    30
         Call Imp          |     2 |     9 |    14 ||    25
         Call Canine Famil |     1 |     3 |     7 ||    11
    Use: Potion            |       |       |     4 ||     4
   Stab: Distracted        |     1 |     1 |     3 ||     5
         Sleeping          |       |     3 |     2 ||     5
 Armour: Leather armour    |    52 |    12 |    37 ||   101
  Dodge: Dodged            |    83 |    20 |    81 ||   184

Levels and vault maps discovered:
D:1:      dpeg_arrival_tiny_h, layout_basic, minmay_fountain_box
D:2:      layout_rooms, nicolae_ecumenical_snake_handling,
          grunt_decor_arrowhead, kennysheep_generic_room_5, uniq_sigmund
D:3:      layout_loops_cross, serial_shops, nicolae_shop_peninsula, hex_large,
          dk_noncrumbling_2, grunt_decor_cap, kennysheep_doodads
D:4:      layout_cave_pools, xom_teletrap_fun, minmay_crystal_room,
          minmay_misc_feat_alley
D:5:      layout_gridville, uniq_blork_the_orc

Notes
Turn   | Place    | Note
-------+----------+-------------------------------------------
     0 | D:1      | Jeffwins the Human Wanderer began the quest for the Orb.
     0 | D:1      | Jeffwins set off with the following items: a +0 club, a
                  | scroll of teleportation {@r4}, a +0 leather armour, a wand
                  | of polymorph (6); and the following spells available to
                  | memorise: Beastly Appendage, Sting, Summon Small Mammal,
                  | Call Canine Familiar, Ice Form.
     0 | D:1      | Reached XP level 1. HP: 13/13 MP: 3/3
     2 | D:1      | Learned a level 1 spell: Sting
   236 | D:1      | Reached XP level 2. HP: 17/19 MP: 1/5
   788 | D:1      | Learned a level 2 spell: Call Imp
   841 | D:2      | Reached XP level 3. HP: 11/24 MP: 0/6
   845 | D:2      | Learned a level 3 spell: Call Canine Familiar
  1050 | D:2      | Reached skill level 1 in Poison Magic
  1238 | D:2      | Found a faded altar of an unknown god.
  1369 | D:2      | Noticed Sigmund
  1425 | D:2      | Killed Sigmund
  1426 | D:2      | Reached skill level 1 in Stealth
  1426 | D:2      | Reached skill level 2 in Summonings
  1426 | D:2      | Reached skill level 2 in Poison Magic
  1426 | D:2      | Reached XP level 4. HP: 25/30 MP: 1/8
  1426 | D:2      | Reached XP level 5. HP: 29/35 MP: 1/9
  1426 | D:2      | Reached XP level 6. HP: 34/41 MP: 1/10
  1812 | D:3      | Reached skill level 2 in Dodging
  1879 | D:3      | Reached skill level 3 in Spellcasting
  2135 | D:3      | Found Wewnywk's Armour Boutique.
  2457 | D:4      | Noticed an ogre
  2467 | D:4      | Killed an ogre
  2468 | D:4      | Reached skill level 3 in Summonings
  2468 | D:4      | Reached skill level 4 in Transmutations
  2630 | D:4      | Reached XP level 7. HP: 46/46 MP: 3/11
  3255 | D:4      | Found a shimmering altar of Xom.
  3597 | D:5      | Entered Level 5 of the Dungeon
  3846 | D:5      | Noticed Blork the orc
  3862 | D:5      | Identified a potion of resistance
  3863 | D:5      | HP: 2/46 [Blork the orc/+0 scimitar (5)]
  3864 | D:5      | Killed Blork the orc
  3865 | D:5      | Reached skill level 1 in Polearms
  3865 | D:5      | Reached skill level 2 in Stealth
  3865 | D:5      | Reached skill level 3 in Poison Magic
  4084 | D:5      | Reached XP level 8. HP: 24/53 MP: 13/13
  4438 | D:5      | HP: 4/53 [poisoned by a scorpion]
  4438 | D:5      | Slain by a scorpion

Vanquished Creatures
  Sigmund (D:2)
  Blork the orc (D:5)
  A scorpion (D:3)
  An orc priest (D:4)
  2 iguanas
  2 orc wizards
  An adder (D:3)
  An ufetubus (D:5)
  A worm (D:3)
  3 dart slugs
  3 orcs
  8 ball pythons
  5 endoplasms
  7 hobgoblins
  4 quokkas
  3 bats
  A frilled lizard (D:2)
  5 goblins
  4 kobolds
  5 rats
59 creatures vanquished.

Vanquished Creatures (collateral kills)
  An ogre (D:4)
  A scorpion (D:5)
  A hound (D:5)
  An orc wizard (D:3)
  4 iguanas (D:5)
  A worm (D:2)
  2 orcs
  A ball python (D:3)
  2 goblins
14 creatures vanquished.

Grand Total: 73 creatures vanquished

Table legend: (Time is in decaauts)
 A = Elapsed time spent in this place.
 B = Non-inter-level travel time spent in this place.
 C = Inter-level travel time spent in this place.
 D = Time resting spent in this place.
 E = Time spent auto-exploring this place.
 F = Levels seen in this place.
 G = Mean time per level.
                   A        B        C        D        E       F      G
               +--------+--------+--------+--------+--------+-----+--------+
         Total |   4558 |   4458 |    100 |    710 |   2859 |   5 |  911.6 |
       Dungeon |   4558 |   4458 |    100 |    710 |   2859 |   5 |  911.6 |
               +--------+--------+--------+--------+--------+-----+--------+

Top non-repeatable levels by time:
     D:3: 1057 daAuts
     D:2: 959 daAuts
     D:5: 872 daAuts
     D:1: 859 daAuts
     D:4: 808 daAuts

Table legend:
 A = Non-vault XP
 B = Vault XP
 C = Vault XP percentage of total XP
 D = Non-vault monster count
 E = Vault monster count
 F = Vault count percentage of total count
                 A         B        C        D         E       F
            +---------+---------+-------+---------+---------+-------
      Total |     817 |     329 |  28.7 |      67 |       6 |   8.2
            +---------+---------+-------+---------+---------+-------
        D:1 |      27 |       0 |   0.0 |      17 |       0 |   0.0
        D:2 |      26 |     229 |  89.8 |      13 |       5 |  27.8
        D:3 |     240 |       0 |   0.0 |      17 |       0 |   0.0
        D:4 |     205 |       0 |   0.0 |      11 |       0 |   0.0
        D:5 |     319 |     100 |  23.9 |       9 |       1 |  10.0
            +---------+---------+-------+---------+---------+-------
